 Dungeon Crawl Stone Soup version 0.30-a0-1123-gabc949cf19 (webtiles) character file.

Game seed: 12063862536894145205

618 jtron the Trooper (level 7, -6/76 HPs)
             Began as an Ogre Wanderer on Apr 16, 2023.
             Killed from afar by Maggie (19 damage)
             ... with a bolt of fire
             ... on level 6 of the Dungeon on Apr 23, 2023.
             The game lasted 00:10:11 (4380 turns).

jtron the Trooper (Ogre Wanderer)                   Turns: 4380, Time: 00:10:12

Health: -6/76      AC:  3    Str: 18    XL:     7   Next: 45%
Magic:  12/12      EV: 10    Int: 16    God:
Gold:   115        SH:  0    Dex: 11    Spells: 9/13 levels left

rFire   . . .        a - +9 whip of Crystal {heavy, +Blink Str+3 Int+2}
rCold   + . .        (no shield)
rNeg    . . .        e - +0 robe
rPois   .            (helmet restricted)
rElec   .            (no cloak)
rCorr   .            (gloves unavailable)
SInv    .            (boots unavailable)
Will    .....        m - amulet of regeneration
Stlth   ++           i - ring of protection from cold
HPRegen 1.12/turn    (no ring)
MPRegen 0.13/turn

%: no passive effects
@: no status effects
A: large, unfitting armour, tough skin 1
a: Evoke Blink


You were on level 6 of the Dungeon.
You visited 1 branch of the dungeon, and saw 6 of its levels.

You collected 205 gold pieces.
You spent 90 gold pieces at shops.

Inventory:

Hand Weapons
 a - the +9 whip of Crystal (weapon) {heavy, +Blink Str+3 Int+2}
   (You found it on level 2 of the Dungeon)

   Str:       It affects your strength (+3).
   Int:       It affects your intelligence (+2).
   +Blink:    It lets you blink.
 b - a +3 sling
 C - a +0 war axe
 E - a +1 dagger
Missiles
 f - 2 datura-tipped darts (quivered)
 g - 26 stones
 t - 7 poisoned darts
 v - 6 boomerangs
 B - 2 atropa-tipped darts
Armour
 e - a +0 robe (worn)
Jewellery
 i - a ring of protection from cold (left hand)
 j - an amulet of faith
 m - an amulet of regeneration (around neck)
 o - a ring of protection from cold
 D - an amulet of reflection
Wands
 c - a wand of light (8)
 z - a wand of flame (9)
Scrolls
 h - 3 scrolls of teleportation
 l - a scroll of amnesia {unknown}
 u - a scroll of enchant armour {unknown}
 w - a scroll of enchant weapon {unknown}
 x - a scroll of torment {unknown}
 y - a scroll of butterflies {unknown}
 A - a scroll of identify {unknown}
 H - a scroll of fear {unknown}
Potions
 d - 2 potions of berserk rage
 k - a potion of cancellation {unknown}
 n - a potion of mutation {unknown}
 p - 3 potions of curing
 q - a potion of flight {unknown}
 r - a potion of brilliance {unknown}
 s - a potion of might {unknown}
 F - a potion of magic {unknown}
 G - a potion of lignification
 I - a potion of ambrosia {unknown}


   Skills:
 + Level 6.9 Fighting
 - Level 0.5 Short Blades
 * Level 1.1 Maces & Flails
 + Level 3.4 Ranged Weapons
 + Level 0.2 Throwing
 + Level 2.1 Dodging
 + Level 2.1 Stealth
 + Level 3.9 Spellcasting
 * Level 1.3 Conjurations
 * Level 1.2 Air Magic
 * Level 1.4 Poison Magic


You had 9 spell levels left.
You knew the following spells:

 Your Spells              Type           Power      Damage    Failure   Level
a - Shock                 Conj/Air       28%        1d4       10%         1
b - Mephitic Cloud        Conj/Pois/Air  7%         N/A       28%         3

Your spell library contained the following spells:

 Spells                   Type           Power      Damage    Failure   Level
 Magic Dart               Conj           28%        1d4       10%         1
 Call Imp                 Summ           6%         N/A       26%         2
 Passage of Golubria      Tloc           3%         N/A       86%         4
 Petrify                  Tmut/Erth      3%         N/A       86%         4
 Silence                  Hex/Air        2%         N/A       98%         5
 Metabolic Englaciation   Hex/Ice        1%         N/A       99%         5
 Statue Form              Tmut/Erth      2%         N/A       100%        6
 Lehudib's Crystal Spear  Conj/Erth      2%         10d2      100%        8


Dungeon Overview and Level Annotations

Branches:
Dungeon (7/15)
 Temple: D:4-7

Altars:
Cheibriados
Yredelemnul

Shops:
D:6 !

Annotations:
D:4 2 transporters, dufus's ghost, novice GnMo
D:6 Maggie


Innate Abilities, Weirdness & Mutations

You are too large for most types of armour.
You have tough skin. (AC +1)


Message History

Maggie attempts to bespell you!
You are mesmerised by Maggie!
An orc comes into view. It is wielding a +0 club.
The orc shouts!
Maggie zaps a wand.
The mass of ice explodes!
The iceblast engulfs you! You partially resist.
You hit Maggie but do no damage. The orc hits you with a +0 club.
Maggie hits you with a +0 long sword of distortion!
You blink.
The sleepcap closely misses you.
You hit the sleepcap.
The sleepcap is lightly damaged.
You break out of your daze.
The sleepcap releases spores at you! The orc completely misses you.
The orc barely misses you.
Maggie gestures wildly while chanting.
Maggie attempts to bespell you! You resist. The orc closely misses you. x2
Maggie casts a spell.
Maggie attempts to bespell you! You resist. The sleepcap barely misses you.
You whack the sleepcap!
The sleepcap is almost destroyed.
The orc hits you from afar with a +0 trident!
The sleepcap closely misses you. The orc hits you with a +0 club.
You whack the sleepcap!
You destroy the sleepcap!
The orc hits you with a +0 club. The orc barely misses you.
The orc hits you from afar with a +0 trident!
The orc hits you with a +0 club.
Maggie hits you with a +0 long sword of distortion.
Space warps around you.
Your Air Magic skill increases to level 1!
Maggie attacks as you move away!
Maggie hits you with a +0 long sword of distortion.
* * * LOW HITPOINT WARNING * * *
Space warps horribly around you!
* * * LOW HITPOINT WARNING * * *
The orc barely misses you. Maggie casts a spell at you.
The bolt of fire hits you!!
You die...

#..≈§.≈.≈..§...####.# .#
#.§≈≈§....≈≈...# #.f .#
#...§.._.......##.# #.###
#..§§§....≈≈...#.# ##...
#..§§.≈.≈..§....## #.>..#
##..§≈≈.≈§.......###.....#
##...........@.#.#.###..#
##.#####..oo........#.#
#...#@#.#.###..#####.#
#...#.#.#.# #........#
.....#.#)#)###.#.######
##..#.#.........#..#
#..#.#.#######.#..#
#.o....# #.#..# .. ....#
#.#..# ##.#.# #...)# #.
#.##.#


You could see Maggie and 2 orcs.

Vanquished Creatures
  Sigmund (D:2)
  A hound (D:3)
  A jelly (D:4)
  3 orc priests
  2 sleepcaps
  An iguana (D:4)
  3 orc wizards
  Robin (D:3)
  5 adders
  A white imp (D:6)
  A worm (D:3)
  A dart slug (D:2)
  7 orcs
  7 endoplasms
  5 giant cockroaches
  10 goblins
  4 hobgoblins (D:3)
  A kobold (D:1)
  7 quokkas
  5 ball pythons
  4 bats
  11 frilled lizards (D:1)
  7 rats
  A bush (D:2)
90 creatures vanquished.

Vanquished Creatures (collateral kills)
  2 goblins (D:3)
  2 hobgoblins (D:3)
4 creatures vanquished.

Vanquished Creatures (others)
  A hobgoblin (D:3)
  12 plants
13 creatures vanquished.

Grand Total: 107 creatures vanquished

Notes
Turn   | Place    | Note
-------+----------+-------------------------------------------
     0 | D:1      | jtron the Ogre Wanderer began the quest for the Orb.
     0 | D:1      | jtron set off with the following items: a +1 dagger, 2
                  | atropa-tipped darts, 2 datura-tipped darts, a potion of
                  | berserk rage, a +0 robe; and the following spell memorised:
                  | Shock; and the following spells available to memorise:
                  | Mephitic Cloud.
     0 | D:1      | Reached XP level 1. HP: 27/27 MP: 5/5
   165 | D:1      | Reached XP level 2. HP: 35/36 MP: 6/6
   172 | D:1      | Reached skill level 6 in Fighting
   599 | D:1      | Reached XP level 3. HP: 44/44 MP: 8/8
   834 | D:2      | Reached skill level 1 in Ranged Weapons
   952 | D:2      | Noticed Sigmund
   972 | D:2      | Killed Sigmund
   973 | D:2      | Reached XP level 4. HP: 47/53 MP: 9/9
   973 | D:2      | Reached XP level 5. HP: 55/61 MP: 10/10
  1311 | D:2      | Found a snail-covered altar of Cheibriados.
  1395 | D:2      | Identified the +9 whip of Crystal {heavy, +Blink Str+3
                  | Int+2}
  1770 | D:2      | Reached XP level 6. HP: 68/68 MP: 11/11
  2735 | D:3      | Noticed Robin
  2769 | D:3      | Killed Robin
  3103 | D:2      | Upgraded the game from 0.30-a0-1085-g990a428a5c to
                  | 0.30-a0-1123-gabc949cf19
  3560 | D:4      | Found a transporter.
  3562 | D:4      | Noticed dufus's ghost (novice GnMo)
  3614 | D:4      | Learned a level 3 spell: Mephitic Cloud
  3647 | D:4      | Found a transporter.
  4034 | D:4      | You fall into a shaft and drop 3 floors!
  4042 | D:7      | Noticed a black bear
  4046 | D:7      | Noticed a sky beast
  4104 | D:7      | Reached skill level 1 in Conjurations
  4104 | D:7      | Reached XP level 7. HP: 76/76 MP: 12/12
  4214 | D:6      | Found Eshehawk's Distillery.
  4222 | D:6      | Bought a potion of lignification for 30 gold pieces
  4222 | D:6      | Bought 2 potions of curing for 60 gold pieces
  4225 | D:6      | Found a basalt altar of Yredelemnul.
  4289 | D:6      | Reached skill level 1 in Poison Magic
  4311 | D:6      | Noticed Maggie
  4335 | D:6      | Reached skill level 1 in Maces & Flails
  4380 | D:6      | Reached skill level 1 in Air Magic
  4380 | D:6      | Killed from afar by Maggie

Illustrated notes

Levels and vault maps discovered:
D:1:      saegor_arrival_simple_e, layout_basic, minmay_lizard_king
D:2:      layout_loops_corners, basic_altar, serial_forest,
          infiniplex_forest_end_double, infiniplex_forest_clump_large,
          infiniplex_forest_clump_curved, infiniplex_forest_straight_3,
          infiniplex_forest_end_1, infiniplex_forest_clump_small,
          infiniplex_forest_straight_2, hex_medium, corexii_hall_statues_l,
          uniq_sigmund
D:3:      layout_loops_ring, portal_sewer_entry_e, uniq_robin
D:4:      layout_basic, gammafunk_ghost_mausoleum
D:6:      layout_loops_ring, mainiacjoe_overflow_small_starburst,
          general_overflow_altar, minmay_temple_entry_statues_fountains,
          serial_shops, shop, nicolae_shop_national_dungeon_mall,
          uniq_blork_the_orc, uniq_maggie, uniq_menkaure
D:7:      layout_basic, uniq_prince_ribbit1

Skill      XL: |  1  2  3  4  5  6  7 |
---------------+----------------------+-----
Fighting       | 6 |  6.9
Ranged Weapons | 2 3 |  3.4
Stealth        | 2 |  2.1
Conjurations   | 1 |  1.3
Poison Magic   | 1 |  1.4
Maces & Flails | 1 |  1.1
Dodging        | 2 |  2.1
Air Magic      | 1 |  1.2
Short Blades   | |  0.5
Throwing       | |  0.2
Spellcasting   | |  3.9

Action                     |  1- 3 |  4- 6 |  7- 9 || total
---------------------------+-------+-------+-------++-------
  Melee: Dagger            |    30 |   415 |       ||   445
         Punch             |       |    13 |       ||    13
         Whip              |       |    12 |    25 ||    37
   Fire: Sling             |    68 |    68 |       ||   136
  Throw: Dart              |       |     4 |       ||     4
   Cast: Shock             |       |    11 |     1 ||    12
  Evoke: Wand              |       |     1 |       ||     1
    Use: Potion            |       |     1 |       ||     1
         Scroll            |       |       |     1 ||     1
   Stab: Sleeping          |       |     3 |       ||     3
 Armour: Robe              |    17 |    41 |     8 ||    66
  Dodge: Dodged            |    25 |    76 |    15 ||   116

Table legend: (Time is in decaauts)
 A = Elapsed time spent in this place.
 B = Non-inter-level travel time spent in this place.
 C = Inter-level travel time spent in this place.
 D = Time resting spent in this place.
 E = Time spent auto-exploring this place.
 F = Levels seen in this place.
 G = Mean time per level.
                   A        B        C        D        E       F      G
               +--------+--------+--------+--------+--------+-----+--------+
         Total |   4443 |   4125 |    318 |     65 |   2902 |   6 |  740.5 |
       Dungeon |   4443 |   4125 |    318 |     65 |   2902 |   6 |  740.5 |
               +--------+--------+--------+--------+--------+-----+--------+

Top non-repeatable levels by time:
     D:2: 1656 daAuts
     D:3: 1061 daAuts
     D:1: 835 daAuts
     D:4: 523 daAuts
     D:7: 186 daAuts
     D:6: 180 daAuts
